 Dungeon Crawl Stone Soup version 0.19.1 (webtiles) character file.

237 RaHiT the Magician (level 5, -1/35 HPs)
             Began as a Mummy Conjurer on Nov 29, 2016.
             Was an Initiate of Yredelemnul.
             Slain by an orc
             ... wielding a +0 trident
              (7 damage)
             ... on level 4 of the Dungeon.
             The game lasted 00:24:32 (4667 turns).

RaHiT the Magician (Mummy Conjurer)                 Turns: 4667, Time: 00:24:33

Health: -1/35      AC:  5    Str: 11    XL:     5   Next: 77%
Magic:  3/12       EV: 12    Int: 15    God:    Yredelemnul [......]
Gold:   144        SH:  0    Dex: 13    Spells: 4 memorised, 3 levels left

rFire  x . .     SeeInvis +     (no weapon)
rCold  + + .     Gourm    .     a - +0 robe
rNeg   + + +     Faith    .     (no shield)
rPois  ∞         Spirit   .     l - +1 helmet
rElec  .         Reflect  .     (no cloak)
rCorr  .         Harm     .     i - +0 pair of gloves
MR     .....                    (no boots)
Stlth  ++........               (no amulet)
                                r - ring of see invisible
                                f - ring of protection from cold

@: no status effects
A: no food or potions, fire vulnerability, cold resistance 1, negative energy
resistance 3, torment resistance, unbreathing
a: Renounce Religion


You were on level 4 of the Dungeon.
You worshipped Yredelemnul.
Yredelemnul was noncommittal.
You were not hungry.

You visited 1 branch of the dungeon, and saw 4 of its levels.

You collected 144 gold pieces.

Inventory:

Hand Weapons
 n - a +0 dagger
Missiles
 g - 32 poisoned needles
Armour
 a - a +0 robe (worn)
 i - a +0 pair of gloves (worn)
 l - a +1 helmet (worn)
Jewellery
 f - a ring of protection from cold (left hand)
 r - a ring of see invisible (right hand)
Wands
 e - a wand of enslavement (6/24)
Scrolls
 c - 4 scrolls of amnesia
 d - 3 scrolls of teleportation
 h - a scroll of fear
 k - a scroll of blinking
 m - a scroll of enchant armour
 o - a scroll of remove curse {unknown}
 p - a scroll of enchant weapon {unknown}
 q - a scroll of noise {unknown}
Books
 b - a book of Conjurations

   Spells                             Type                      Level
   a - Magic Dart                     Conjuration                  1
   b - Searing Ray                    Conjuration                  2
   c - Dazzling Spray                 Conjuration/Hexes            3
   d - Fulminant Prism                Conjuration/Hexes            4
   e - Iskenderun's Mystic Blast      Conjuration                  4
   f - Iskenderun's Battlesphere      Conjuration/Charms           5


   Skills:
 - Level 1.5 Dodging
 - Level 1.5 Stealth
 * Level 4.9 Spellcasting
 - Level 4.1 Conjurations


You had 3 spell levels left.
You knew the following spells:

 Your Spells              Type           Power        Failure   Level  Hunger
a - Magic Dart            Conj           ###.         3%          1    N/A
b - Dazzling Spray        Conj/Hex       #.....       24%         3    N/A
c - Iskenderun's Mystic   Conj           ###.....     34%         4    N/A
q - Searing Ray           Conj           ###...       6%          2    N/A

Dungeon Overview and Level Annotations

Branches:
Dungeon (4/15)             Temple (0/1) D:4

Altars:
Kikubaaqudgha
Nemelex Xobeh
Trog
Yredelemnul
Zin


Innate Abilities, Weirdness & Mutations

You do not eat or drink.
Your flesh is vulnerable to fire.
You are immune to poison.
Your flesh is cold resistant. (rC+)
You are immune to negative energy. (rN+++)
You are immune to unholy pain and torment.
You can survive without breathing.


Message History

The orc wizard is severely wounded.
The orc wizard points at you and mumbles some strange words.
You are confused.
The orc closely misses you.
The orc wizard points at you and mumbles some strange words.
The puff of flame hits you! The fire burns you terribly!
You bump into the rock wall.
The orc closely misses you. The orc wizard hits you with a dagger.
You bump into the rock wall.
You feel less confused.
The orc hits you from afar with a trident.
The orc wizard hits you with a dagger.
The orc wizard gestures at you while chanting.
The puff of flame hits you! The fire burns you terribly!
The orc closely misses you.
The orc hits you from afar with a trident.
* * * LOW HITPOINT WARNING * * *
The orc hits you from afar with a trident!
You die...
Yredelemnul claims you as an undead slave.

...........#.....#
########'####.....#
o....>............#
..................#
.............######
..........o..#...#
......#####'##o..#
......#.....))..o#
......#......#..@#
+#....#.....##...#
#....#.....##...#
#....+.....##...#
#....#..........#
+....#.....##...#
#....##'#####...#
##....#.....#######
......#.....#.....#


You could see an orc wizard and an orc.

Vanquished Creatures
  An orc priest (D:3)
  2 worker ants (D:4)
  Robin (D:2)
  2 adders
  An ooze (D:2)
  7 worms
  6 dart slugs
  A leopard gecko (D:3)
  6 orcs
  2 ball pythons (D:2)
  4 giant cockroaches
  19 goblins
  8 hobgoblins
  2 jackals (D:1)
  6 kobolds
  A quokka (D:2)
  8 bats
  2 frilled lizards (D:1)
  A leopard gecko skeleton (D:4)
  12 rats
92 creatures vanquished.

Notes
Turn   | Place    | Note
-------+----------+-------------------------------------------
     0 | D:1      | RaHiT the Mummy Conjurer began the quest for the Orb.
     0 | D:1      | Reached XP level 1. HP: 13/13 MP: 3/3
   395 | D:1      | Reached XP level 2. HP: 18/19 MP: 1/5
   399 | D:1      | Learned a level 2 spell: Searing Ray
  1194 | D:1      | Reached XP level 3. HP: 23/24 MP: 3/7
  1691 | D:1      | Learned a level 3 spell: Dazzling Spray
  2094 | D:2      | Found a bloodstained altar of Trog.
  2095 | D:2      | Found a sparkling altar of Nemelex Xobeh.
  2411 | D:2      | Noticed Robin
  2552 | D:2      | Reached XP level 4. HP: 30/30 MP: 7/10
  2608 | D:2      | Killed Robin
  2966 | D:2      | Learned a level 4 spell: Iskenderun's Mystic Blast
  3186 | D:3      | Found a basalt altar of Yredelemnul.
  3196 | D:3      | Became a worshipper of Yredelemnul the Dark
  3339 | D:3      | Reached XP level 5. HP: 24/35 MP: 4/11
  4228 | D:4      | Found a glowing silver altar of Zin.
  4244 | D:4      | Found an ancient bone altar of Kikubaaqudgha.
  4617 | D:4      | Found a staircase to the Ecumenical Temple.
  4667 | D:4      | Slain by an orc

Skill      XL: |  1  2  3  4 |
---------------+-------------+-----
Spellcasting   | 3 4 |  4.9
Conjurations   | 4 |  4.1
Dodging        | |  1.5
Stealth        | |  1.5

Action                   |  1- 3 |  4- 6 || total
-------------------------+-------+-------++-------
Melee: Unarmed           |    64 |     6 ||    70
 Cast: Magic Dart        |    71 |    18 ||    89
       Searing Ray       |    10 |    29 ||    39
  Use: Scroll            |       |     9 ||     9
Armor: Robe              |    22 |     9 ||    31
Dodge: Dodged            |    56 |    21 ||    77
